 Dungeon Crawl Stone Soup version 0.30-a0-779-g7971cf19c3 (webtiles) character file.

Game seed: 9234716103426741413

273 Smoke131 the Sneak (level 6, -3/32 HPs)
             Began as a Vampire Enchanter on Feb 18, 2023.
             Slain by a black bear (6 damage)
             ... on level 4 of the Dungeon.
             The game lasted 00:10:34 (3382 turns).

Smoke131 the Sneak (Vampire Enchanter)              Turns: 3382, Time: 00:10:34

Health: -3/32      AC:  3    Str:  7    XL:     6   Next: 3%
Magic:  4/10       EV: 18    Int: 18    God:
Gold:   210        SH:  0    Dex: 16    Spells: 6/11 levels left

rFire   . . .      SeeInvis +    a - +1 dagger
rCold   + + .      Faith    .    (no shield)
rNeg    + + +      Spirit   .    b - +0 robe
rPois   ∞          Reflect  .    (no helmet)
rElec   .          Harm     .    (no cloak)
rCorr   .          Rampage  .    (no gloves)
Will    .....                    e - +0 pair of boots
Stlth   +++++                    (no amulet)
HPRegen 0.00/turn                s - +5 ring of evasion
MPRegen 0.12/turn                (no ring)

@: confusing by touch, bloodless, inhibited regen, invisible
A: bloodless, fangs 3, see invisible, vampiric 2
a: Bat Form, Revivify


You were on level 4 of the Dungeon.
You visited 1 branch of the dungeon, and saw 4 of its levels.

You collected 210 gold pieces.

Inventory:

Hand Weapons
 a - a +1 dagger (weapon)
Missiles
 j - 2 boomerangs of dispersal (quivered)
 k - 14 poisoned darts
 v - a boomerang
Armour
 b - a +0 robe (worn)
 e - a +0 pair of boots (worn)
 x - a +0 buckler
Jewellery
 h - a ring of resist corrosion
 s - a +5 ring of evasion (left hand)
Scrolls
 f - a scroll of silence {unknown}
 i - 2 scrolls of magic mapping {unknown}
 m - a scroll of immolation {unknown}
 n - 2 scrolls of enchant armour {unknown}
 o - 2 scrolls of poison {unknown}
 q - 5 scrolls of identify {unknown}
 r - 2 scrolls of noise {unknown}
 u - a scroll of fog {unknown}
 w - 2 scrolls of teleportation {unknown}
Potions
 c - a potion of invisibility
 d - a potion of degeneration {unknown}
 g - a potion of brilliance {unknown}
 l - 2 potions of curing {unknown}
 p - a potion of mutation {unknown}
 t - a potion of might {unknown}
 z - a potion of attraction {unknown}


   Skills:
 - Level 2.0 Short Blades
 + Level 3.8 Dodging
 + Level 6.3 Stealth
 + Level 0.6 Shields
 + Level 3.2 Spellcasting
 + Level 6.0 Hexes


You had 6 spell levels left.
You knew the following spells:

 Your Spells              Type           Power      Damage    Failure   Level
a - Ensorcelled Hibernat  Hex/Ice        26%        N/A       7%          2
b - Confusing Touch       Hex            24%        N/A       4%          3

Your spell library contained the following spells:

 Spells                   Type           Power      Damage    Failure   Level
 Tukima's Dance           Hex            24%        N/A       4%          3
 Dazzling Flash           Conj/Hex       26%        N/A       14%         3
 Freeze                   Ice            8%         1d3       16%         1
 Frozen Ramparts          Ice            4%         1d1       43%         3
 Hailstorm                Conj/Ice       2%         3d3       43%         3
 Ignite Poison            Fire/Tmut/Pois 2%         N/A       43%         3
 Sticky Flame             Conj/Fire      2%         2d3       85%         4
 Ignition                 Fire           1%         3d3       100%        8


Dungeon Overview and Level Annotations

Branches:
Dungeon (4/15)
 Temple: D:4-7

Altars:
Kikubaaqudgha
Okawaru
Ru
Yredelemnul

Shops:
D:1 =

Annotations:
D:4 1 transporter


Innate Abilities, Weirdness & Mutations

You do not regenerate when monsters are visible.
You are frail without blood (-20% HP).
You can heal yourself when you bite living creatures.
You are immune to poison.
You have razor-sharp teeth.
You have supernaturally acute eyesight. (SInv)
You are afflicted with vampirism and can become a bat while bloodless.


Message History

The black bear barely misses you.
Casting: Ensorcelled Hibernation (safe; 7% risk of failure)
Confirm with . or Enter, or press ? or * to list all spells.
Aiming: Ensorcelled Hibernation (safe; 7% risk of failure)
Press: ? - help, Shift-Dir - straight line, f/p - black bear
Aim: a black bear (chance to affect: 47%)
The black bear looks drowsy...
The helpless black bear fails to defend itself.
You bite the black bear, and draw its blood!
You impale the black bear!!
The black bear is almost dead.
Casting: Ensorcelled Hibernation (safe; 7% risk of failure)
Confirm with . or Enter, or press ? or * to list all spells.
Your hands begin to glow red.
The black bear goes berserk!
You barely miss the black bear.
The black bear is almost dead.
The black bear bites you. The black bear barely misses you. x2
The black bear bites you. The black bear misses you. The black bear claws you.
You closely miss the black bear.
You bite the black bear, but do no damage.
The black bear is almost dead.
The black bear misses you. The black bear completely misses you.
The black bear closely misses you.
You closely miss the black bear.
The black bear is almost dead.
The black bear bites you. The black bear completely misses you.
The black bear misses you. The black bear bites you!
* * * LOW HITPOINT WARNING * * *
The black bear claws you but does no damage.
The black bear barely misses you.
The black bear attacks as you move away!
The black bear bites you.
* * * LOW HITPOINT WARNING * * *
The black bear closely misses you. The black bear barely misses you.
The black bear bites you.
* * * LOW HITPOINT WARNING * * *
The black bear closely misses you. The black bear barely misses you.
You fade into invisibility!
The black bear completely misses you. x2; The black bear claws you.
You die...

...#...#....#
#.##..........#
.#...#..#...#
#.##.#.########
...#........######.##.#.#
.#..####....##........#.#
...# #.....(.....####.# ...
#...##...#..####.# .#
#..>...#<#.......# .
##..##..h#.......########
$.........@...##..........
###########################


You could see a black bear (berserk, unable to see you).

Vanquished Creatures
  A scorpion (D:3)
  A hound (D:4)
  A jelly (D:4)
  Jessica (D:2)
  2 adders (D:3)
  A worm (D:2)
  5 dart slugs
  8 orcs
  8 bats
  10 endoplasms
  2 giant cockroaches
  3 hobgoblins
  2 jackals (D:2)
  4 quokkas
  6 ball pythons
  5 frilled lizards
  8 goblins
  7 kobolds
  7 rats
82 creatures vanquished.

Vanquished Creatures (others)
  24 plants (D:2)
24 creatures vanquished.

Grand Total: 106 creatures vanquished

Notes
Turn   | Place    | Note
-------+----------+-------------------------------------------
     0 | D:1      | Smoke131 the Vampire Enchanter began the quest for the Orb.
     0 | D:1      | Reached XP level 1. HP: 13/13 MP: 3/3
   109 | D:1      | Reached XP level 2. HP: 15/15 MP: 5/5
   484 | D:1      | Gained mutation: You are afflicted with vampirism and can
                  | become a bat while bloodless. [Vampire growth]
   484 | D:1      | Reached XP level 3. HP: 19/19 MP: 6/6
   490 | D:1      | Found Onuyx's Jewellery Emporium.
   921 | D:2      | Reached skill level 5 in Stealth
  1184 | D:2      | Learned a level 2 spell: Ensorcelled Hibernation
  1188 | D:2      | Learned a level 3 spell: Confusing Touch
  1234 | D:2      | Reached skill level 5 in Hexes
  1243 | D:2      | Noticed Jessica
  1247 | D:2      | Killed Jessica
  1248 | D:2      | Reached XP level 4. HP: 24/24 MP: 4/7
  2757 | D:3      | Noticed a scorpion
  2758 | D:3      | Killed a scorpion
  2759 | D:3      | Reached XP level 5. HP: 28/28 MP: 9/9
  2831 | D:3      | Found a sacrificial altar of Ru.
  2832 | D:3      | Found an iron altar of Okawaru.
  2833 | D:3      | Found an ancient bone altar of Kikubaaqudgha.
  2833 | D:3      | Found a basalt altar of Yredelemnul.
  3123 | D:4      | Found a transporter.
  3308 | D:4      | Reached XP level 6. HP: 32/32 MP: 10/10
  3382 | D:4      | Slain by a black bear

Illustrated notes

Levels and vault maps discovered:
D:1:      minmay_arrival_doors, layout_basic, serial_shops, nicolae_shop_stone
D:2:      layout_basic, kennysheep_boxes, uniq_jessica
D:3:      layout_rooms, mainiacjoe_overflow_alcove_3
D:4:      gammafunk_cloud_chamber, layout_loops_ring,
          chequers_temple_overflow_minitemple, hex_large

Skill      XL: |  1  2  3  4  5 |
---------------+----------------+-----
Stealth        | 5 6 |  6.3
Hexes          | 5 6 |  6.0
Short Blades   | 2 |  2.0
Dodging        | 3 |  3.8
Spellcasting   | 3 |  3.2
Shields        | |  0.6

Action                     |  1- 3 |  4- 6 || total
---------------------------+-------+-------++-------
  Melee: Dagger            |   125 |   121 ||   246
         Bite              |     8 |    16 ||    24
   Cast: Ensorcelled Hiber |     1 |    10 ||    11
         Confusing Touch   |       |     1 ||     1
Ability: Exsanguinate      |     1 |       ||     1
    Use: Potion            |       |     1 ||     1
   Stab: Sleeping          |    16 |    18 ||    34
 Armour: Robe              |    16 |    26 ||    42
  Dodge: Dodged            |    73 |   102 ||   175

Table legend: (Time is in decaauts)
 A = Elapsed time spent in this place.
 B = Non-inter-level travel time spent in this place.
 C = Inter-level travel time spent in this place.
 D = Time resting spent in this place.
 E = Time spent auto-exploring this place.
 F = Levels seen in this place.
 G = Mean time per level.
                   A        B        C        D        E       F      G
               +--------+--------+--------+--------+--------+-----+--------+
         Total |   3363 |   3192 |    171 |    274 |   2013 |   4 |  840.8 |
       Dungeon |   3363 |   3192 |    171 |    274 |   2013 |   4 |  840.8 |
               +--------+--------+--------+--------+--------+-----+--------+

Top non-repeatable levels by time:
     D:2: 1422 daAuts
     D:1: 862 daAuts
     D:3: 804 daAuts
     D:4: 274 daAuts
